 Dungeon Crawl Stone Soup version 0.31-a0-1098-g6898e6545c (webtiles) character file.

Game seed: 6038846900788210058

709 gruber the Skirmisher (level 7, -2/56 HPs)
             Began as a Minotaur Hunter on Nov 30, 2023.
             Slain by a gnoll sergeant
             ... wielding a +3 trident of protection
              (11 damage)
             ... on level 4 of the Dungeon.
             The game lasted 00:03:35 (3624 turns).

gruber the Skirmisher (Minotaur Hunter)             Turns: 3624, Time: 00:03:35

Health: -2/56      AC:  3    Str: 15    XL:     7   Next: 40%
Magic:  6/6        EV: 12    Int:  6    God:
Gold:   201        SH:  0    Dex: 16    Spells: 6/6 levels left

rFire   . . .        a - +0 shortbow
rCold   . . .        (shield currently unavailable)
rNeg    . . .        c - +0 leather armour
rPois   .            (helmet restricted)
rElec   .            (no cloak)
rCorr   .            (no gloves)
SInv    .            (no boots)
Will    +....        (no amulet)
Stlth   +            e - ring of willpower
HPRegen 0.29/turn    (no ring)
MPRegen 0.10/turn

%: no passive effects
@: confused, ambrosia-drunk
A: horns 2, retaliatory headbutt
a: no special abilities


You were on level 4 of the Dungeon.
You visited 1 branch of the dungeon, and saw 4 of its levels.

You collected 201 gold pieces.

Inventory:

Hand Weapons
 a - a +0 shortbow (weapon)
 j - the +3 short sword of the Teaching Ass {venom, rN+ Int+3}
   (You found it on level 2 of the Dungeon)

   Int+3:     It affects your intelligence (+3).
   rN+:       It protects you from negative energy.
Missiles
 s - a throwing net
Armour
 c - a +0 leather armour (worn)
Jewellery
 e - a ring of willpower (left hand)
Wands
 q - a wand of flame (17)
Scrolls
 b - a scroll of butterflies
 d - 2 scrolls of vulnerability {unknown}
 f - 2 scrolls of revelation {unknown}
 g - 4 scrolls of identify {unknown}
 l - a scroll of blinking {unknown}
 m - a scroll of enchant weapon {unknown}
 n - a scroll of noise {unknown}
 p - 2 scrolls of fog {unknown}
 u - a scroll of immolation {unknown}
 v - a scroll of amnesia {unknown}
Potions
 i - a potion of invisibility {unknown}
 k - a potion of brilliance {unknown}
 o - a potion of berserk rage {unknown}
 r - a potion of curing {unknown}
 w - a potion of degeneration {unknown}


   Skills:
 - Level 2.4 Fighting
 + Level 10.0 Ranged Weapons
 - Level 2.1 Dodging
 - Level 0.7 Stealth


You had 6 spell levels left.
You didn't know any spells.
Your spell library contained the following spells:

 Spells                   Type           Power      Damage    Failure   Level
 Slow                     Hex            0%         N/A       52%         1
 Confusing Touch          Hex            0%         N/A       88%         3
 Sigil of Binding         Hex            0%         N/A       88%         3
 Vampiric Draining        Necr           0%         2d6       88%         3


Dungeon Overview and Level Annotations

Branches:
Dungeon (4/15)
 Temple: D:4-7

Altars:

Annotations:
D:4 1 runed translucent door, Crazy Yiuf


Innate Abilities, Weirdness & Mutations

You have a pair of horns on your head.
You reflexively headbutt those who attack you in melee.


Message History

Fire: a) +0 shortbow
Press: ? - help, Q - select action, (/) - cycle Shift-Dir - straight line, f/p - gnoll sergeant
Aim: a gnoll sergeant, wielding a +3 trident of protection and wearing a +0 scale mail (severely wounded, 72% to hit)
You shoot an arrow.
The arrow hits the gnoll sergeant but does no damage.
The gnoll sergeant is severely wounded.
Unknown command.
Fire: a) +0 shortbow
Press: ? - help, Q - select action, (/) - cycle Shift-Dir - straight line, f/p - gnoll sergeant
Aim: a gnoll sergeant, wielding a +3 trident of protection and wearing a +0 scale mail (severely wounded, 72% to hit)
You shoot an arrow. The arrow hits the gnoll sergeant.
The gnoll sergeant is severely wounded.
You feel yourself slow down.
Unknown command.
The gnoll sergeant attacks as it pursues you!
The gnoll sergeant hits you from afar with a +3 trident of protection!
* * * LOW HITPOINT WARNING * * *
Fire: a) +0 shortbow
Press: ? - help, Q - select action, (/) - cycle Shift-Dir - straight line, f/p - gnoll sergeant
Aim: a gnoll sergeant, wielding a +3 trident of protection and wearing a +0 scale mail (severely wounded, 72% to hit)
You shoot an arrow. The arrow hits the gnoll sergeant.
The gnoll sergeant is almost dead.
The gnoll sergeant hits you from afar with a +3 trident of protection!
* * * LOW HITPOINT WARNING * * *
Unknown command.
Fire: a) +0 shortbow
Press: ? - help, Q - select action, (/) - cycle Shift-Dir - straight line, f/p - gnoll sergeant
Aim: a gnoll sergeant, wielding a +3 trident of protection and wearing a +0 scale mail (almost dead, 72% to hit)
You shoot an arrow.
The arrow barely misses the gnoll sergeant.
The gnoll sergeant closely misses you.
Unknown command.
You are confused.
You feel invigorated. The gnoll sergeant barely misses you.
The gnoll sergeant hits you from afar with a +3 trident of protection!
* * * LOW HITPOINT WARNING * * *
The gnoll sergeant hits you from afar with a +3 trident of protection!
* * * LOW HITPOINT WARNING * * *
The gnoll sergeant hits you from afar with a +3 trident of protection!
You die...

..#.#.......# #...# #....
............# #...# #.###
#.#.#.......# #...# #####.###
#.#.##.....## #...# #........
..#.##....## #...# #.##..###
..#.......#######..)#####.##..###
..#.##.##.#.....................#
....##.....<.........>.....>.#...
..#.##....#.....@.g.......).).).#
..#.......#####.#...#.###.##.....
..####.#### #.#...#.# #.##..###
### #.# #.#(..#.# #.##### # #.#
#.#...#.# #.....# ♣ #.# #.#...#.#
####### ♣ #.# #......<#### ♣
######.# ####.....).# ♣ .......#
#÷#####.# ♣


You could see a gnoll sergeant.

Vanquished Creatures
  6 hounds (D:4)
  Terence (D:2)
  An orc wizard (D:3)
  27 gnolls
  10 adders
  3 worms
  A dart slug (D:1)
  18 orcs
  3 ball pythons
  5 bats
  4 endoplasms
  4 giant cockroaches
  9 goblins
  4 hobgoblins (D:2)
  20 jackals
  A kobold (D:4)
  2 frilled lizards (D:1)
  3 rats
122 creatures vanquished.

Notes
Turn   | Place    | Note
-------+----------+-------------------------------------------
     0 | D:1      | gruber the Minotaur Hunter began the quest for the Orb.
     0 | D:1      | Reached XP level 1. HP: 18/18 MP: 0/0
   183 | D:1      | Reached XP level 2. HP: 24/25 MP: 1/1
   295 | D:1      | Reached skill level 5 in Ranged Weapons
   390 | D:1      | Found a faded altar of an unknown god.
   708 | D:2      | Reached XP level 3. HP: 29/30 MP: 2/2
   723 | D:2      | Noticed Terence
   736 | D:2      | Killed Terence
   737 | D:2      | Reached skill level 6 in Ranged Weapons
   794 | D:2      | Identified the +3 short sword of the Teaching Ass {venom,
                  | rN+ Int+3}
   893 | D:2      | Reached XP level 4. HP: 37/37 MP: 3/3
  1477 | D:3      | Reached skill level 7 in Ranged Weapons
  1477 | D:3      | Reached XP level 5. HP: 33/42 MP: 4/4
  2036 | D:3      | Reached skill level 8 in Ranged Weapons
  2186 | D:4      | Reached XP level 6. HP: 49/50 MP: 5/5
  2453 | D:4      | Reached skill level 9 in Ranged Weapons
  2532 | D:4      | Reached XP level 7. HP: 47/56 MP: 6/6
  3231 | D:4      | Found a runed translucent door.
  3232 | D:4      | Noticed Crazy Yiuf
  3516 | D:4      | Reached skill level 10 in Ranged Weapons
  3624 | D:4      | Slain by a gnoll sergeant

Illustrated notes

Levels and vault maps discovered:
D:1:      minmay_arrival_four_circles, layout_loops_ring,
          hellmonk_ecumenical_altar_inner_sanctum, minmay_misc_feat_nine_boxes,
          kennysheep_nondescript
D:2:      layout_basic, uniq_terence
D:3:      layout_rooms
D:4:      lemuel_castle_with_subvaults [lemuel_castle_interior_carwin_1],
          layout_loops_cross, uniq_crazy_yiuf_cottage

Skill      XL: |  1  2  3  4  5  6  7 |
---------------+----------------------+-----
Ranged Weapons | 5 6 7 8 9 10 | 10.0
Fighting       | |  2.4
Dodging        | |  2.1
Stealth        | |  0.7

Action                     |  1- 3 |  4- 6 |  7- 9 || total
---------------------------+-------+-------+-------++-------
   Fire: Shortbow          |    79 |   256 |   161 ||   496
    Use: Potion            |       |       |     3 ||     3
 Armour: Leather armour    |    12 |    57 |    52 ||   121
  Dodge: Dodged            |    16 |    51 |    52 ||   119

Table legend: (Time is in decaauts)
 A = Elapsed time spent in this place.
 B = Non-inter-level travel time spent in this place.
 C = Inter-level travel time spent in this place.
 D = Time resting spent in this place.
 E = Time spent auto-exploring this place.
 F = Levels seen in this place.
 G = Mean time per level.
                   A        B        C        D        E       F      G
               +--------+--------+--------+--------+--------+-----+--------+
         Total |   3621 |   3517 |    104 |      3 |   2766 |   4 |  905.2 |
       Dungeon |   3621 |   3517 |    104 |      3 |   2766 |   4 |  905.2 |
               +--------+--------+--------+--------+--------+-----+--------+

Top non-repeatable levels by time:
     D:4: 1418 daAuts
     D:2: 784 daAuts
     D:3: 773 daAuts
     D:1: 644 daAuts
